 Dungeon Crawl Stone Soup version 0.20.1-1-g8b1a95d (webtiles) character file.

84 KleinerIrrer the Insei (level 4, -1/28 HPs)
             Began as an Octopode Transmuter on July 3, 2017.
             Slain by an adder (4 damage)
             ... on level 2 of the Dungeon.
             The game lasted 00:04:07 (1898 turns).

KleinerIrrer the Insei (Octopode Transmuter)        Turns: 1898, Time: 00:04:08

Health: -1/28      AC:  1    Str:  9    XL:     4   Next: 45%
Magic:  2/8        EV: 13    Int: 15    God:
Gold:   76         SH:  0    Dex: 13    Spells: 5/8 levels left

rFire    . . .     SeeInvis .     - Unarmed
rCold    . . .     Gourm    .   (no shield)
rNeg     . . .     Faith    .   (helmet restricted)
rPois    .         Spirit   .   (no amulet)
rElec    .         Reflect  .   (no ring)
rCorr    .         Harm     .   (no ring)
MR       .....                  (no ring)
Stlth    +++.......             (no ring)
Regen    0.1/turn               (no ring)
MPRegen  0.2/turn               (no ring)
                                (no ring)
                                (no ring)

@: lethally poisoned (-1 -> -7), appendage (expiring), very slightly
contaminated
A: almost no armour, stealthy swim, amphibious, 8 rings, constrict 8, tentacle
spike 3, camouflage 1, gelatinous body 1
a: End Transformation


You were on level 2 of the Dungeon.
You were not hungry.
One of your tentacles had a temporary spike.
You visited 1 branch of the dungeon, and saw 2 of its levels.

You collected 76 gold pieces.

Inventory:

Missiles
 a - 4 arrows
Scrolls
 e - a scroll of teleportation {unknown}
 f - 3 scrolls of identify {unknown}
 g - a scroll of random uselessness {unknown}
 j - a scroll of amnesia {unknown}
 k - 2 scrolls of enchant weapon {unknown}
Books
 b - a book of Changes

   Spells                             Type                      Level
   a - Beastly Appendage              Transmutation                1
   b - Sticks to Snakes               Transmutation                2
   c - Spider Form                    Transmutation/Poison         3
   d - Ice Form                       Ice/Transmutation            4
   e - Blade Hands                    Transmutation                5
Comestibles
 c - 2 bread rations
 d - a meat ration
 h - a royal jelly
 i - 6 chunks of flesh
 l - a fruit


   Skills:
 - Level 1.0 Fighting
 * Level 2.2 Dodging
 - Level 0.8 Stealth
 + Level 3.9 Unarmed Combat
 * Level 2.7 Spellcasting
 * Level 2.7 Transmutations


You had 5 spell levels left.
You knew the following spells:

 Your Spells              Type           Power        Failure   Level  Hunger
a - Beastly Appendage     Tmut           ##....       7%          1    #......
b - Sticks to Snakes      Tmut           ##......     10%         2    ##.....


Dungeon Overview and Level Annotations

Branches:
Dungeon (2/15)

Altars:


Innate Abilities, Weirdness & Mutations

You cannot wear most types of armour.
You are very stealthy in the water. (Stealth+)
You are amphibious.
You can wear up to eight rings at the same time.
You can use your tentacles to constrict eight enemies at once.
Your skin changes colour to match your surroundings (Stealth+).
Your rubbery body absorbs attacks. (AC +1, EV +1)
One of your tentacles bears a large vicious spike.


Message History

Your ball python completely misses the adder.
Your ball python misses the adder.
The adder barely misses you.
You tentacle-slap the adder. Your grab misses the adder.
Your tentacle spike misses the adder.
The adder is moderately wounded.
Your ball python barely misses the adder. x2
The adder bites you.
* * * LOW HITPOINT WARNING * * *
You are lethally poisoned!
The adder poisons you!
You miss the adder. Your grab misses the adder.
Your tentacle spike misses the adder.
The adder is moderately wounded.
* * * LOW HITPOINT WARNING * * *
You feel sick.
Your ball python bites the adder but does no damage.
Your ball python grabs the adder.
Your ball python constricts the adder.
Your ball python bites the adder but does no damage.
The adder bites you.
You die...

####+## # .......####### #.
.............####### #.#####
........#..........# ...#..
........#..........# #.#.#
........#........).# ##...#
.......$#S.#.......####.....
....>.††.SS@..........'.....
........#..........####.....
...!....#....#.#######.#####
.............#.........####
.......#...(.#............#
#####.##.....#..........÷.#
#. #.....#............# #.
#...............####
###########


You could see an adder and 2 friendly ball pythons.

Vanquished Creatures
  Jessica (D:2)
  An adder (D:2)
  2 worms (D:2)
  A dart slug (D:1)
  4 leopard geckos
  A giant cockroach (D:1)
  3 hobgoblins
  7 jackals
  3 kobolds (D:2)
  A quokka (D:2)
  A ball python (D:2)
  6 bats
  7 frilled lizards
  3 goblins
  5 rats
46 creatures vanquished.

Vanquished Creatures (collateral kills)
  A jackal (D:2)
1 creature vanquished.

Grand Total: 47 creatures vanquished

Notes
Turn   | Place    | Note
-------+----------+-------------------------------------------
     0 | D:1      | KleinerIrrer the Octopode Transmuter began the quest for the Orb.
     0 | D:1      | Reached XP level 1. HP: 13/13 MP: 3/3
     6 | D:1      | Noticed a swamp drake
     6 | D:1      | Noticed a black mamba
     6 | D:1      | Noticed an iguana
     7 | D:1      | Noticed a lindwurm
     7 | D:1      | Noticed a wolf
   135 | D:1      | Reached XP level 2. HP: 15/18 MP: 3/5
   157 | D:1      | Learned a level 2 spell: Sticks to Snakes
   943 | D:1      | Reached XP level 3. HP: 23/23 MP: 4/6
  1292 | D:2      | Noticed Jessica
  1305 | D:2      | Killed Jessica
  1361 | D:2      | Reached XP level 4. HP: 13/28 MP: 1/7
  1898 | D:2      | Slain by an adder

Action                   |  1- 3 |  4- 6 || total
-------------------------+-------+-------++-------
Melee: Unarmed           |    69 |    36 ||   105
       Constrict         |    18 |    10 ||    28
       Kick              |    12 |     4 ||    16
       Tentacles         |     4 |     5 ||     9
       Punch             |     1 |     1 ||     2
 Cast: Beastly Appendage |    18 |     7 ||    25
       Sticks to Snakes  |     4 |     4 ||     8
 Stab: Sleeping          |     4 |     2 ||     6
  Eat: Chunk             |     2 |     2 ||     4
Armor: Skin              |     6 |     1 ||     7
Dodge: Dodged            |    33 |    28 ||    61
